 Dungeon Sprint DCSS version 0.20.1-1-g8b1a95d (webtiles) character file.

1330 potatolord6000 the Fighter (level 8, 0/72 HPs)
             Began as a Demonspawn Fighter on Aug 25, 2017.
             Was an Initiate of Qazlal.
             Slain by a two-headed ogre
             ... wielding a +0 giant spiked club
              (13 damage)
             ... in the Dungeon (Sprint III: "The Ten Rune Challenge").
             The game lasted 00:03:12 (376 turns).

potatolord6000 the Fighter (Demonspawn Fighter)      Turns: 376, Time: 00:03:13

Health: 0/72       AC: 10    Str: 26    XL:     8   Next: 34%
Magic:  8/8        EV: 15    Int: 10    God:    Qazlal [......]
Gold:   41         SH: 13    Dex: 21    Spells: 7/7 levels left

rFire    + . .     SeeInvis .   a - +0 long sword
rCold    . . .     Gourm    .   c - +0 shield
rNeg     . . .     Faith    .   b - +0 scale mail
rPois    .         Spirit   .   l - +2 hat
rElec    .         Reflect  .   (no cloak)
rCorr    .         Harm     .   (no gloves)
MR       .....     NoTele   +   (no boots)
Stlth    ++........             (no amulet)
Regen    0.3/turn               (no ring)
MPRegen  0.2/turn               (no ring)

@: mighty, agile
A: hooves 2, thin skeletal structure 2, blurry vision 1, fire resistance 1,
powered by pain 1, screaming 1, strong 1
a: Renounce Religion


You were in the Dungeon.
You worshipped Qazlal.
Qazlal was noncommittal.
You were not hungry.

You visited 1 branch You collected 41 gold pieces.

Inventory:

Hand Weapons
 a - a +0 long sword (weapon)
Armour
 b - a +0 scale mail (worn)
 c - a +0 shield (worn)
 l - a +2 hat (worn)
Scrolls
 h - 2 scrolls of holy word {unknown}
 k - a scroll of blinking
 m - 2 scrolls of identify
 n - a scroll of enchant weapon {unknown}
 p - a scroll of magic mapping {unknown}
 q - 2 scrolls of remove curse
Potions
 d - 4 potions of mutation
 e - a potion of curing
 i - 2 potions of magic
 j - a potion of might
 o - 2 potions of flight {unknown}
Books
 g - a book of Cantrips

   Spells                             Type                      Level
   a - Confusing Touch                Hexes                        1
   b - Animate Skeleton               Necromancy                   1
   c - Summon Small Mammal            Summoning                    1
   d - Apportation                    Translocation                1
Comestibles
 f - 3 bread rations
 r - a royal jelly


   Skills:
 + Level 9.8 Fighting
 + Level 9.1 Long Blades
 + Level 8.6 Armour
 + Level 1.9 Dodging
 + Level 8.9 Shields


You had 7 spell levels left.
You didn't know any spells.

Dungeon Overview and Level Annotations

Branches:
Dungeon (1/1)

Altars:
Cheibriados
Dithmenos
Elyvilon
Fedhas
Gozag
Hepliaklqana
Kikubaaqudgha
Makhleb
Nemelex Xobeh
Okawaru
Qazlal
Ru
Sif Muna
Trog
Uskayaw
Vehumet
Xom
Yredelemnul
Zin
The Shining One
Beogh
Jiyva
Lugonu


Innate Abilities, Weirdness & Mutations

You have hoof-like feet.
You have a moderately thin skeletal structure. (Dex +4, Stealth+)
You sometimes gain a little power by taking damage.
Scrolls take you a little longer to read.
Your flesh is heat resistant. (rF+)
You occasionally shout uncontrollably at your foes.
Your muscles are strong. (Str +2)


Message History

Qazlal accepts your kill.
Your Long Blades skill increases to level 9!
You block the two-headed ogre's attack.
The two-headed ogre hits you with a giant spiked club!
* * * LOW HITPOINT WARNING * * *
You slash the two-headed ogre! You kick the two-headed ogre.
The two-headed ogre is moderately wounded.
You barely miss the two-headed ogre. You kick the two-headed ogre!
The two-headed ogre is heavily wounded.
The two-headed ogre closely misses you.
The two-headed ogre completely misses you.
Unknown command.
You slash the two-headed ogre! You kick the two-headed ogre.
The two-headed ogre is almost dead.
You block the two-headed ogre's attack. x2
You completely miss the two-headed ogre.
You kick the two-headed ogre.
The two-headed ogre is almost dead.
The two-headed ogre hits you with a giant spiked club!
You die...

#..###'#'###)##
#..#..........#
...'.⌠........#
...#...######'#
...#.⌠.#__#...# # #
...#...#__#...#
.#.#
...#)###__#...##
#..
...#.).#__#...'##O#
...#___#__+...#.@)#
▓▓▓▓▓▓▓▓▓▓▓▓▓▓▓▓▓▓▓


You could see a two-headed ogre.

Vanquished Creatures
  A deep elf mage (D)
  A shadow (D)
  A necrophage (D)
  2 two-headed ogres (D)
  A water elemental (D)
  A scorpion (D)
  A jelly (D)
  A wizard (D)
  Jessica (D)
  A necromancer (D)
  3 humans (D)
  A kobold demonologist (D)
  An ooze (D)
  A rat (D)
17 creatures vanquished.

Vanquished Creatures (others)
  2 draconian scorchers (D)
  6 hellions (D)
  2 yaktaurs (D)
  An electric eel (D)
11 creatures vanquished.

Grand Total: 28 creatures vanquished

Notes
Turn   | Place    | Note
-------+----------+-------------------------------------------
     0 | D        | potatolord6000 the Demonspawn Fighter began the quest for the Orb.
     0 | D        | Reached XP level 1. HP: 18/18 MP: 1/1
    45 | D        | Noticed Jessica
    55 | D        | Killed Jessica
    55 | D        | Gained mutation: You have a somewhat thin skeletal structure. (Dex +2, Stealth) [demonic ancestry]
    55 | D        | Reached XP level 2. HP: 26/26 MP: 2/2
    55 | D        | Gained mutation: You have large cloven feet. [demonic ancestry]
    55 | D        | Reached XP level 3. HP: 31/31 MP: 3/3
    70 | D        | Noticed a scorpion
    77 | D        | Killed a scorpion
    77 | D        | Reached skill level 5 in Fighting
    77 | D        | Gained mutation: You sometimes gain a little power by taking damage. [demonic ancestry]
    77 | D        | Reached XP level 4. HP: 25/39 MP: 4/4
    79 | D        | Killed a hellion
    82 | D        | Reached skill level 5 in Shields
   102 | D        | Noticed a water elemental
   106 | D        | Killed a water elemental
   106 | D        | Reached skill level 5 in Armour
   106 | D        | Gained mutation: You have a moderately thin skeletal structure. (Dex +4, Stealth+) [demonic ancestry]
   106 | D        | Reached XP level 5. HP: 47/47 MP: 5/5
   111 | D        | Found a glowing silver altar of Zin.
   111 | D        | Found a glowing golden altar of the Shining One.
   111 | D        | Found a white marble altar of Elyvilon.
   112 | D        | Noticed a deep elf mage
   119 | D        | Killed a deep elf mage
   119 | D        | Gained mutation: You have hoof-like feet. [demonic ancestry]
   119 | D        | Reached XP level 6. HP: 57/57 MP: 6/6
   119 | D        | Reached XP level 7. HP: 63/63 MP: 7/7
   138 | D        | Found a radiant altar of Vehumet.
   138 | D        | Found a deep blue altar of Sif Muna.
   138 | D        | Found an ancient bone altar of Kikubaaqudgha.
   151 | D        | Killed a white draconian scorcher
   156 | D        | Killed a hellion
   158 | D        | Found a roughly hewn altar of Beogh.
   158 | D        | Found an iron altar of Okawaru.
   158 | D        | Found a bloodstained altar of Trog.
   158 | D        | Found a hide-covered altar of Uskayaw.
   158 | D        | Noticed a human
   159 | D        | Noticed a human
   164 | D        | Killed a human
   164 | D        | Reached skill level 1 in Dodging
   169 | D        | Killed a human
   179 | D        | Found a basalt altar of Yredelemnul.
   179 | D        | Found a shadowy altar of Dithmenos.
   179 | D        | Found a sacrificial altar of Ru.
   183 | D        | Killed a hellion
   183 | D        | Killed a hellion
   189 | D        | Reached XP level 8. HP: 71/71 MP: 8/8
   189 | D        | Killed a hellion
   191 | D        | Killed a hellion
   209 | D        | Killed a white draconian scorcher
   222 | D        | Found a blossoming altar of Fedhas.
   222 | D        | Found a stormy altar of Qazlal.
   222 | D        | Found a snail-covered altar of Cheibriados.
   222 | D        | Found a burning altar of Makhleb.
   222 | D        | Found a shimmering altar of Xom.
   223 | D        | Found a hazy altar of Hepliaklqana.
   223 | D        | Found an opulent altar of Gozag.
   223 | D        | Found a sparkling altar of Nemelex Xobeh.
   223 | D        | Found a corrupted altar of Lugonu.
   223 | D        | Found a viscous altar of Jiyva.
   226 | D        | Became a worshipper of Qazlal Stormbringer
   314 | D        | Killed a yaktaur
   319 | D        | Killed a yaktaur
   360 | D        | Gained mutation: Your flesh is heat resistant. (rF+) [potion of mutation]
   360 | D        | Gained mutation: You occasionally shout uncontrollably at your foes. [potion of mutation]
   360 | D        | Gained mutation: Scrolls take you a little longer to read. [potion of mutation]
   360 | D        | Gained mutation: Your muscles are strong. (Str +2) [potion of mutation]
   376 | D        | Slain by a two-headed ogre

Skill      XL: |  1  2  3  4  5  6  7  8 |
---------------+-------------------------+-----
Long Blades    | 2 3 4 6 8 9 |  9.1
Armour         | 3 4 5 7 8 |  8.6
Shields        | 4 5 7 8 |  8.9
Fighting       | 4 5 6 8 9 |  9.8
Dodging        | 1 |  1.9

Action                   |  1- 3 |  4- 6 |  7- 9 || total
-------------------------+-------+-------+-------++-------
Melee: Long sword        |    15 |    13 |    47 ||    75
       Kick              |       |     6 |    22 ||    28
  Use: Potion            |     2 |     1 |     3 ||     6
Armor: Scale mail        |    10 |     1 |     9 ||    20
Dodge: Dodged            |     5 |       |    19 ||    24
Block: Shield            |     8 |     5 |    32 ||    45
       Rpst.: Long sword |       |       |     2 ||     2
